 Dungeon Crawl Stone Soup version 0.31-a0-1-g4198be8af4 (webtiles) character file.

Game seed: 277686292600922578

1363 ytrimaz the Shield-Bearer (level 8, 0/67 HPs)
             Began as a Gnoll Fighter on May 1, 2023.
             Was an Initiate of Cheibriados.
             Killed from afar by a steam dragon (18 damage)
             ... with a ball of steam
             ... on level 6 of the Dungeon.
             The game lasted 00:05:49 (5010 turns).

ytrimaz the Shield-Bearer (Gnoll Fighter)           Turns: 5010, Time: 00:05:50

Health: 0/67       AC: 10    Str: 17    XL:     8   Next: 64%
Magic:  13/13      EV: 10    Int:  9    God:    Cheibriados [......]
Gold:   142        SH:  6    Dex: 14    Spells: 14/14 levels left

rFire   . . .        a - +1 war axe (flame)
rCold   . . .        c - +0 buckler
rNeg    . . .        b - +1 scale mail
rPois   .            (no helmet)
rElec   .            (no cloak)
rCorr   .            (no gloves)
SInv    .            f - +0 pair of boots
Will    .....        (no amulet)
Stlth   +            (no ring)
HPRegen 0.31/turn    (no ring)
MPRegen 0.13/turn

%: no passive effects
@: very slow
A: fangs 1, strong nose, distributed training
a: Renounce Religion


You were on level 6 of the Dungeon.
You worshipped Cheibriados.
Cheibriados was noncommittal.
You visited 1 branch of the dungeon, and saw 6 of its levels.

You collected 245 gold pieces.
You spent 103 gold pieces at shops.


Innate Abilities, Weirdness & Mutations

You have very sharp teeth.
Your uncanny sense of smell can sniff out nearby items.
Your experience applies equally to all skills.


   Skills:
 + Level 7.5 Fighting
 + Level 3.6 Short Blades
 + Level 3.6 Long Blades
 + Level 5.9 Axes
 + Level 3.6 Maces & Flails
 + Level 3.6 Polearms
 + Level 3.6 Staves
 + Level 3.6 Ranged Weapons
 + Level 3.6 Throwing
 + Level 7.5 Armour
 + Level 3.6 Dodging
 + Level 3.6 Stealth
 + Level 7.5 Shields
 + Level 3.6 Unarmed Combat
 + Level 3.6 Spellcasting
 + Level 2.9 Conjurations
 + Level 2.9 Hexes
 + Level 2.9 Summonings
 + Level 2.9 Necromancy
 + Level 2.9 Translocations
 + Level 2.9 Transmutations
 + Level 2.9 Fire Magic
 + Level 2.9 Ice Magic
 + Level 2.9 Air Magic
 + Level 2.9 Earth Magic
 + Level 2.9 Poison Magic
 + Level 4.0 Invocations
 + Level 3.6 Evocations


You had 14 spell levels left.
You didn't know any spells.
Your spell library contained the following spells:

 Spells                   Type           Power      Damage    Failure   Level
 Magic Dart               Conj           24%        1d4       30%         1
 Searing Ray              Conj           12%        2d4       41%         2
 Portal Projectile        Hex/Tloc       12%        N/A       65%         3
 Tukima's Dance           Hex            6%         N/A       65%         3
 Fulminant Prism          Conj/Hex       3%         3d5       96%         4
 Blade Hands              Tmut           3%         N/A       100%        5

Inventory:

Hand Weapons
 a - a +1 war axe of flaming (weapon)
Armour
 b - a +1 scale mail (worn)
 c - a +0 buckler (worn)
 f - a +0 pair of boots (worn)
   (You found it on level 2 of the Dungeon)
Jewellery
 t - a ring of wizardry
   (You found it on level 5 of the Dungeon)
Wands
 j - a wand of light (8)
   (You found it on level 5 of the Dungeon)
 o - a wand of charming (11)
   (You took it off a kobold on level 4 of the Dungeon)
 p - a wand of digging (6)
   (You took it off Blork the orc on level 4 of the Dungeon)
Scrolls
 d - 2 scrolls of blinking
 g - a scroll of magic mapping
 k - a scroll of fear {unknown}
 l - 2 scrolls of teleportation
 m - 2 scrolls of fog
 r - a scroll of enchant weapon
Potions
 e - a potion of berserk rage {unknown}
 h - a potion of curing
 i - 4 potions of attraction
 n - a potion of haste
 q - a potion of flight {unknown}
 s - a potion of ambrosia {unknown}
 u - a potion of might
 v - 2 potions of mutation {unknown}

Dungeon Overview and Level Annotations

Branches:
Dungeon (6/15) Zot: 40022
 Temple: D:4-7

Altars:
Ashenzari
Cheibriados
Fedhas
Nemelex Xobeh
Okawaru
Qazlal
Ru
Sif Muna
Vehumet
Xom
Yredelemnul
Zin
The Shining One

Shops:
D:2 ?   D:3 * D:5

( #..#
##.#
#'#
##.##
#8ยง8#
##.##
##.##
#8.8#
##@##
#D#
8.8
##.##
#.#
.(.
#.#
#.#


You could see a steam dragon (catching breath).


Message History

You feel sick.
You feel sick.
You feel sick.
You are no longer poisoned.
A jelly comes into view. ๐Ÿ˜• HP[+9]
You regained 9 hp, and now have 62/67 hp.
Unknown command.
A jelly is nearby!
A jelly is nearby!
A jelly is nearby! ๐Ÿ˜• HP[+1] Unknown command.
The jelly quivers.
You hit the jelly. You burn the jelly.
Your hands burn!
The jelly misses you.
The jelly closely misses you. ๐Ÿ˜• HP[-4]
You take 4 damage, and now have 59/67 hp.
You block the jelly's attack.
You slash the jelly! You burn the jelly.
Your hands burn!
Your bite misses the jelly.
You block the jelly's attack. ๐Ÿ˜• HP[-4]
You take 4 damage, and now have 55/67 hp.
Unknown command.
You slash the jelly! You burn the jelly.
You kill the jelly!
Cheibriados thoroughly appreciates the change of pace. ๐Ÿ˜• HP[+1] No target in view!
Key pressed, stopping explore.
v - 2 fuming emerald potions You see here a +0 whip. ๐Ÿ˜Ž HP[+11]
Your hp is fully restored (67).
Unknown command.
Found a stone staircase leading down.
There is a stone staircase leading down here.
You open the door.
There is an open door here.
A bullfrog comes into view.
A bullfrog is nearby!
A bullfrog is nearby!
The bullfrog croaks.
You slash the bullfrog! You burn the bullfrog. You block the bullfrog's attack.
The bullfrog misses you.
A steam dragon comes into view.
The steam dragon hisses angrily.
You hit the bullfrog. You burn the bullfrog. The bullfrog hits you.
The bullfrog hits you but does no damage. ๐Ÿ˜• HP[-1]
You take 1 damage, and now have 66/67 hp.
Unknown command.
You closely miss the bullfrog. Your bite misses the bullfrog.
The bullfrog hits you.
The bullfrog hits you but does no damage.
You closely miss the bullfrog. The bullfrog closely misses you.
The bullfrog hits you. ๐Ÿ˜• HP[-1]
You take 1 damage, and now have 65/67 hp.
You slash the bullfrog! You burn the bullfrog.
You kill the bullfrog!
Cheibriados thoroughly appreciates the change of pace.
The steam dragon breathes steam at you. The ball of steam hits you!!
Your Invocations skill increases to level 4! ๐Ÿ˜ฎ HP[-18]
You take 18 damage, and now have 47/67 hp.
MASSIVE DAMAGE!! (PAUSE)
You are engulfed in a cloud of scalding steam.
* * * LOW HITPOINT WARNING * * *
๐Ÿ˜จ HP[-16]
You take 16 damage, and now have 31/67 hp.
MASSIVE DAMAGE!! (PAUSE)
You hit the steam dragon but do no damage.
You are engulfed in a cloud of scalding steam.
* * * LOW HITPOINT WARNING * * *
The steam dragon barely misses you.
The steam dragon closely misses you. ๐Ÿ˜จ HP[-5]
You take 5 damage, and now have 26/67 hp.
Unknown command.
You slash the steam dragon! You burn the steam dragon.
You are engulfed in a cloud of scalding steam.
* * * LOW HITPOINT WARNING * * *
You block the steam dragon's attack. x2
The steam dragon breathes steam at you.
The ball of steam misses you. ๐Ÿ˜ฑ HP[-14]
You take 14 damage, and now have 12/67 hp.
MASSIVE DAMAGE!! (PAUSE)
You hit the steam dragon. You burn the steam dragon.
You are engulfed in a cloud of scalding steam.
* * * LOW HITPOINT WARNING * * *
The steam dragon bites you but does no damage.
You block the steam dragon's attack. ๐Ÿ˜ฑ HP[-1]
You take 1 damage, and now have 11/67 hp.
You feel better. The steam dragon breathes steam at you.
The ball of steam hits you!!
You die...

Skill      XL: |  1  2  3  4  5  6  7  8 |
---------------+-------------------------+-----
Short Blades   | 1 2 3 |  3.6
Long Blades    | 1 2 3 |  3.6
Maces & Flails | 1 2 3 |  3.6
Polearms       | 1 2 3 |  3.6
Staves         | 1 2 3 |  3.6
Ranged Weapons | 1 2 3 |  3.6
Throwing       | 1 2 3 |  3.6
Dodging        | 1 2 3 |  3.6
Stealth        | 1 2 3 |  3.6
Unarmed Combat | 1 2 3 |  3.6
Spellcasting   | 1 2 3 |  3.6
Conjurations   | 1 2 |  2.9
Hexes          | 1 2 |  2.9
Summonings     | 1 2 |  2.9
Necromancy     | 1 2 |  2.9
Translocations | 1 2 |  2.9
Transmutations | 1 2 |  2.9
Fire Magic     | 1 2 |  2.9
Ice Magic      | 1 2 |  2.9
Air Magic      | 1 2 |  2.9
Earth Magic    | 1 2 |  2.9
Poison Magic   | 1 2 |  2.9
Invocations    | 1 2 3 4 |  4.0
Evocations     | 1 2 3 |  3.6
Axes           | 5 |  5.9
Fighting       | 7 |  7.5
Armour         | 7 |  7.5
Shields        | 7 |  7.5

Action                     |  1- 3 |  4- 6 |  7- 9 || total
---------------------------+-------+-------+-------++-------
  Melee: War axe           |    75 |   160 |   112 ||   347
         Bite              |     8 |    17 |     6 ||    31
    Use: Scroll            |     6 |     7 |     1 ||    14
         Potion            |     1 |       |     3 ||     4
 Armour: Scale mail        |    38 |    85 |    47 ||   170
  Dodge: Dodged            |    32 |    58 |    73 ||   163
  Block: Buckler           |    16 |    46 |    49 ||   111

Levels and vault maps discovered:
D:1:      psy_arrival_basics, layout_loops_ring, minmay_heptomino_h4
D:2:      layout_basic, serial_shops, shop, chequers_serial_rivers_large_b,
          kennysheep_generic_room_11, uniq_sigmund
D:3:      layout_loops_ring, nicolae_yredelemnul_corpse_copse, serial_shops,
          nicolae_shop_window_shopping, minmay_door_square, st_stairs_13,
          corexii_corridor_pit, chequers_arboretum, uniq_jessica
D:4:      layout_loops_ring, nemelex_spade_bored_becter, uniq_blork_the_orc
D:5:      layout_basic, minitemple, general_overflow_altar, serial_shops,
          nicolae_shop_mannequins
D:6:      layout_basic, minmay_temple_entry_statues, nrook_mini_vaults,
          dk_noncrumbling_2

Notes
Turn   | Place    | Note
-------+----------+-------------------------------------------
     0 | D:1      | ytrimaz the Gnoll Fighter began the quest for the Orb.
     0 | D:1      | Reached XP level 1. HP: 23/23 MP: 1/1
     0 | D:1      | magus.rc [v1.9.6]
   229 | D:1      | Reached XP level 2. HP: 29/29 MP: 2/2
   777 | D:2      | Reached XP level 3. HP: 31/35 MP: 3/3
   875 | D:2      | You pick up a book of Conjurations and begin reading...
   875 | D:2      | You add the spells Magic Dart, Searing Ray and Fulminant
                  | Prism to your library.
   921 | D:2      | Noticed Sigmund
   927 | D:2      | Killed Sigmund
   928 | D:2      | Reached skill level 1 in Short Blades
   928 | D:2      | Reached skill level 1 in Long Blades
   928 | D:2      | Reached skill level 1 in Maces & Flails
   928 | D:2      | Reached skill level 1 in Polearms
   928 | D:2      | Reached skill level 1 in Staves
   928 | D:2      | Reached skill level 1 in Ranged Weapons
   928 | D:2      | Reached skill level 1 in Throwing
   928 | D:2      | Reached skill level 1 in Dodging
   928 | D:2      | Reached skill level 1 in Stealth
   928 | D:2      | Reached skill level 1 in Unarmed Combat
   928 | D:2      | Reached skill level 1 in Spellcasting
   928 | D:2      | Reached skill level 1 in Conjurations
   928 | D:2      | Reached skill level 1 in Hexes
   928 | D:2      | Reached skill level 1 in Summonings
   928 | D:2      | Reached skill level 1 in Necromancy
   928 | D:2      | Reached skill level 1 in Translocations
   928 | D:2      | Reached skill level 1 in Transmutations
   928 | D:2      | Reached skill level 1 in Fire Magic
   928 | D:2      | Reached skill level 1 in Ice Magic
   928 | D:2      | Reached skill level 1 in Air Magic
   928 | D:2      | Reached skill level 1 in Earth Magic
   928 | D:2      | Reached skill level 1 in Poison Magic
   928 | D:2      | Reached skill level 1 in Invocations
   928 | D:2      | Reached skill level 1 in Evocations
   928 | D:2      | Reached XP level 4. HP: 41/41 MP: 4/6
   928 | D:2      | Reached XP level 5. HP: 47/47 MP: 4/7
   965 | D:2      | Found Anous's Magic Scroll Boutique.
   969 | D:2      | Bought a scroll of identify for 24 gold pieces
   969 | D:2      | Bought a scroll of identify for 24 gold pieces
  1643 | D:3      | Found Qeipt's Assorted Antiques.
  1646 | D:3      | Bought a scroll of identify for 38 gold pieces
  1646 | D:3      | Bought a red potion for 17 gold pieces
  1792 | D:3      | Reached skill level 2 in Invocations
  1812 | D:3      | Reached XP level 6. HP: 50/53 MP: 8/8
  1821 | D:3      | Found a basalt altar of Yredelemnul.
  1911 | D:3      | magus.rc [v1.9.6]
  2001 | D:3      | Noticed Jessica
  2032 | D:3      | Reached skill level 5 in Axes
  2034 | D:3      | Killed Jessica
  2035 | D:3      | Reached skill level 2 in Short Blades
  2035 | D:3      | Reached skill level 2 in Long Blades
  2035 | D:3      | Reached skill level 2 in Maces & Flails
  2035 | D:3      | Reached skill level 2 in Polearms
  2035 | D:3      | Reached skill level 2 in Staves
  2035 | D:3      | Reached skill level 2 in Ranged Weapons
  2035 | D:3      | Reached skill level 2 in Throwing
  2035 | D:3      | Reached skill level 2 in Dodging
  2035 | D:3      | Reached skill level 2 in Stealth
  2035 | D:3      | Reached skill level 2 in Unarmed Combat
  2035 | D:3      | Reached skill level 2 in Spellcasting
  2035 | D:3      | Reached skill level 2 in Evocations
  3088 | D:4      | Found a sparkling altar of Nemelex Xobeh.
  3168 | D:4      | Noticed Blork the orc
  3179 | D:4      | Killed Blork the orc
  3180 | D:4      | Reached skill level 7 in Fighting
  3180 | D:4      | Reached skill level 7 in Armour
  3180 | D:4      | Reached skill level 7 in Shields
  3180 | D:4      | Reached XP level 7. HP: 53/60 MP: 10/10
  3313 | D:5      | Entered Level 5 of the Dungeon
  3355 | D:5      | Reached skill level 2 in Conjurations
  3355 | D:5      | Reached skill level 2 in Hexes
  3355 | D:5      | Reached skill level 2 in Summonings
  3355 | D:5      | Reached skill level 2 in Necromancy
  3355 | D:5      | Reached skill level 2 in Translocations
  3355 | D:5      | Reached skill level 2 in Transmutations
  3355 | D:5      | Reached skill level 2 in Fire Magic
  3355 | D:5      | Reached skill level 2 in Ice Magic
  3355 | D:5      | Reached skill level 2 in Air Magic
  3355 | D:5      | Reached skill level 2 in Earth Magic
  3355 | D:5      | Reached skill level 2 in Poison Magic
  3384 | D:5      | Reached skill level 3 in Invocations
  3389 | D:5      | HP: 12/59 [wight/+2 spear (4)]
  3756 | D:5      | Identified the +0 robe of the Scribe {Str+5}
  3796 | D:5      | Reached skill level 3 in Short Blades
  3796 | D:5      | Reached skill level 3 in Long Blades
  3796 | D:5      | Reached skill level 3 in Maces & Flails
  3796 | D:5      | Reached skill level 3 in Polearms
  3796 | D:5      | Reached skill level 3 in Staves
  3796 | D:5      | Reached skill level 3 in Ranged Weapons
  3796 | D:5      | Reached skill level 3 in Throwing
  3796 | D:5      | Reached skill level 3 in Dodging
  3796 | D:5      | Reached skill level 3 in Stealth
  3796 | D:5      | Reached skill level 3 in Unarmed Combat
  3796 | D:5      | Reached skill level 3 in Spellcasting
  3796 | D:5      | Reached skill level 3 in Evocations
  3796 | D:5      | Reached XP level 8. HP: 59/67 MP: 12/12
  3948 | D:5      | Noticed a +0 demon trident
  3948 | D:5      | Noticed a +0 demon whip
  3951 | D:5      | Found Qecvuykiech's Weapon Shoppe.
  4092 | D:5      | Found a blossoming altar of Fedhas.
  4094 | D:5      | Found a shimmering blue altar of Sif Muna.
  4104 | D:5      | Found an iron altar of Okawaru.
  4108 | D:5      | Found a glowing silver altar of Zin.
  4108 | D:5      | Found a stormy altar of Qazlal.
  4108 | D:5      | Found a snail-covered altar of Cheibriados.
  4109 | D:5      | Found a glowing golden altar of the Shining One.
  4109 | D:5      | Found a shimmering altar of Xom.
  4111 | D:5      | Found a broken altar of Ashenzari.
  4112 | D:5      | Found a radiant altar of Vehumet.
  4117 | D:5      | Became a worshipper of Cheibriados the Contemplative
  4599 | D:5      | Found a sacrificial altar of Ru.
  4694 | D:6      | You pick up a book of Weapons and begin reading...
  4694 | D:6      | You add the spells Tukima's Dance, Portal Projectile and
                  | Blade Hands to your library.
  5006 | D:6      | Reached skill level 4 in Invocations
  5008 | D:6      | HP: 11/67 [steam dragon] (15)]
  5010 | D:6      | Killed from afar by a steam dragon

Vanquished Creatures
  Sigmund (D:2)
  A water moccasin (D:5)
  An ice beast (D:5)
  A centaur (D:6)
  Blork the orc (D:4)
  A scorpion (D:5)
  2 bullfrogs (D:6)
  5 wights (D:5)
  2 jellies
  A hound (D:4)
  Jessica (D:3)
  A sleepcap (D:5)
  3 iguanas
  A scorpion zombie (D:3)
  A hound zombie (D:3)
  8 adders
  2 ufetubi
  2 worms
  3 dart slugs
  5 orcs
  9 ball pythons
  7 endoplasms
  2 giant cockroaches
  9 goblins
  11 hobgoblins
  9 kobolds
  4 quokkas
  2 ball python zombies (D:3)
  2 bats (D:1)
  3 frilled lizards
  4 rats
105 creatures vanquished.

Table legend:
 A = Non-vault XP
 B = Vault XP
 C = Vault XP percentage of total XP
 D = Non-vault monster count
 E = Vault monster count
 F = Vault count percentage of total count
                 A         B        C        D         E       F
            +---------+---------+-------+---------+---------+-------
      Total |    1537 |     411 |  21.1 |      95 |      10 |   9.5
            +---------+---------+-------+---------+---------+-------
        D:1 |      28 |       1 |   3.4 |      16 |       1 |   5.9
        D:2 |      33 |     216 |  86.7 |      18 |       2 |  10.0
        D:3 |      48 |      98 |  67.1 |      19 |       6 |  24.0
        D:4 |     136 |      96 |  41.4 |      16 |       1 |   5.9
        D:5 |     911 |       0 |   0.0 |      18 |       0 |   0.0
        D:6 |     381 |       0 |   0.0 |       8 |       0 |   0.0
            +---------+---------+-------+---------+---------+-------

Skill      XL: |  1  2  3  4  5  6  7  8 |
---------------+-------------------------+-----
Short Blades   | 1 2 3 |  3.6
Long Blades    | 1 2 3 |  3.6
Maces & Flails | 1 2 3 |  3.6
Polearms       | 1 2 3 |  3.6
Staves         | 1 2 3 |  3.6
Ranged Weapons | 1 2 3 |  3.6
Throwing       | 1 2 3 |  3.6
Dodging        | 1 2 3 |  3.6
Stealth        | 1 2 3 |  3.6
Unarmed Combat | 1 2 3 |  3.6
Spellcasting   | 1 2 3 |  3.6
Conjurations   | 1 2 |  2.9
Hexes          | 1 2 |  2.9
Summonings     | 1 2 |  2.9
Necromancy     | 1 2 |  2.9
Translocations | 1 2 |  2.9
Transmutations | 1 2 |  2.9
Fire Magic     | 1 2 |  2.9
Ice Magic      | 1 2 |  2.9
Air Magic      | 1 2 |  2.9
Earth Magic    | 1 2 |  2.9
Poison Magic   | 1 2 |  2.9
Invocations    | 1 2 3 4 |  4.0
Evocations     | 1 2 3 |  3.6
Axes           | 5 |  5.9
Fighting       | 7 |  7.5
Armour         | 7 |  7.5
Shields        | 7 |  7.5

Action                     |  1- 3 |  4- 6 |  7- 9 || total
---------------------------+-------+-------+-------++-------
  Melee: War axe           |    75 |   160 |   112 ||   347
         Bite              |     8 |    17 |     6 ||    31
    Use: Scroll            |     6 |     7 |     1 ||    14
         Potion            |     1 |       |     3 ||     4
 Armour: Scale mail        |    38 |    85 |    47 ||   170
  Dodge: Dodged            |    32 |    58 |    73 ||   163
  Block: Buckler           |    16 |    46 |    49 ||   111

Illustrated notes

Table legend:
 A = Kills in this place as a percentage of kills in the entire game.
 B = Kills by you in this place as a percentage of kills by you in the entire game.
 C = Kills by friends in this place as a percentage of kills by friends in the entire game.
 D = Other kills in this place as a percentage of other kills in the entire game.
 E = Experience gained in this place as a percentage of experience gained in the entire game.
 F = Experience gained in this place divided by the number of levels of this place that you have seen.
                   A       B       C       D       E      F
               +-------+-------+-------+-------+-------+----------------------
         Total | 100.0 | 100.0 |   N/A |   N/A | 100.0 | 324.7
       Dungeon | 100.0 | 100.0 |   N/A |   N/A | 100.0 | 324.7
               +-------+-------+-------+-------+-------+----------------------

Table legend: (Time is in decaauts)
 A = Elapsed time spent in this place.
 B = Non-inter-level travel time spent in this place.
 C = Inter-level travel time spent in this place.
 D = Time resting spent in this place.
 E = Time spent auto-exploring this place.
 F = Levels seen in this place.
 G = Mean time per level.
                   A        B        C        D        E       F      G
               +--------+--------+--------+--------+--------+-----+--------+
         Total |   5320 |   5242 |     78 |     70 |   4191 |   6 |  886.7 |
       Dungeon |   5320 |   5242 |     78 |     70 |   4191 |   6 |  886.7 |
               +--------+--------+--------+--------+--------+-----+--------+

Top non-repeatable levels by time:
     D:5: 1414 daAuts
     D:3: 1001 daAuts
     D:2: 900 daAuts
     D:4: 778 daAuts
     D:1: 748 daAuts
     D:6: 477 daAuts
